 Dungeon Crawl Stone Soup version 0.30-a0-867-g305f33218d (webtiles) character file.

Game seed: 17527246788604943476

23667 gorillaNest the Devastator (level 12, -2/59 HPs)
             Began as a Deep Elf Fire Elementalist on Mar 9, 2023.
             Was an Elder of Vehumet.
             Slain by a wolf (6 damage)
             ... on level 2 of the Lair of Beasts on Mar 10, 2023.
             The game lasted 00:56:22 (28137 turns).

gorillaNest the Devastator (DEFE)                  Turns: 28137, Time: 00:56:23

Health: -2/59      AC:  8    Str:  5    XL:     12   Next: 73%
Magic:  28/31      EV: 16    Int: 26    God:    Vehumet [****..]
Gold:   712        SH:  0    Dex: 15    Spells: 28/38 levels left

rFire   + + .      SeeInvis .    s - staff of fire
rCold   + . .      Faith    .    (no shield)
rNeg    . . .      Spirit   .    a - +0 robe
rPois   .          Reflect  .    k - +2 hat
rElec   .          Rampage  .    q - +1 cloak
rCorr   .                        c - +0 pair of gloves
Will    +....                    J - +0 pair of boots
Stlth   +++                      w - amulet of magic regeneration
HPRegen 0.29/turn                r - ring of protection from fire
MPRegen 0.62/turn                I - ring of protection from cold

@: no status effects
A: no striking features
a: Renounce Religion


You were on level 2 of the Lair of Beasts.
You worshipped Vehumet.
Vehumet was greatly pleased with you.
You visited 3 branches of the dungeon, and saw 15 of its levels.
You also visited: Sewer and Ossuary.

You collected 712 gold pieces.

Inventory:

Hand Weapons
 v - the +1 flail of the Harvest {protect, rElec rN+ Str-5}
   (You found it on level 2 of the Lair of Beasts)

   Str:       It affects your strength (-5).
   rElec:     It insulates you from electricity.
   rN:        It protects you from negative energy.
Missiles
 g - a throwing net
Armour
 a - a +0 robe (worn)
 c - a +0 pair of gloves (worn)
 j - +0 acid dragon scales
 k - a +2 hat (worn)
 q - a +1 cloak (worn)
 J - a +0 pair of boots (worn)
Magical Staves
 s - a staff of fire (weapon)
Jewellery
 r - a ring of protection from fire (left hand)
 w - an amulet of magic regeneration (around neck)
 I - a ring of protection from cold (right hand)
Wands
 u - a wand of polymorph (23)
 x - a wand of roots (15)
 B - a wand of flame (18)
Scrolls
 d - 2 scrolls of enchant weapon
 o - 9 scrolls of teleportation
 p - 2 scrolls of fog
 t - 3 scrolls of amnesia
 y - 2 scrolls of magic mapping
 C - 2 scrolls of brand weapon
 F - a scroll of torment {unknown}
 H - a scroll of immolation
Potions
 b - a potion of magic
 e - 2 potions of resistance
 f - 3 potions of attraction
 h - a potion of might
 i - 4 potions of lignification
 l - 4 potions of flight
 m - 3 potions of invisibility
 n - 9 potions of curing
 z - 2 potions of degeneration
 A - 5 potions of mutation
 D - a potion of brilliance {unknown}
 E - a potion of berserk rage {unknown}
 G - 2 potions of ambrosia
 L - 2 potions of heal wounds
 N - 5 potions of cancellation


   Skills:
 - Level 8.0 Dodging
 - Level 5.0 Stealth
 + Level 13.8 Spellcasting
 * Level 15.4 Conjurations
 + Level 11.9 Fire Magic


You had 28 spell levels left.
You knew the following spells:

 Your Spells              Type           Power      Damage    Failure   Level
a - Foxfire               Conj/Fire      100%       2x1d9     0%          1
b - Scorch                Fire           100%       2d10      1%          2
c - Flame Wave            Conj/Fire      93%        2d20      1%          4
d - Mephitic Cloud        Conj/Pois/Air  44%        N/A       1%          3

Your spell library contained the following spells:

 Spells                   Type           Power      Damage    Failure   Level
 Ignite Poison            Fire/Tmut/Pois 55%        N/A       1%          3
 Magic Dart               Conj           100%       1d8       0%          1
 Inner Flame              Hex/Fire       65%        N/A       1%          3
 Kindle Blastsparks       Fire/Tloc/Air  100%       2d18      1%          3
 Call Imp                 Summ           17%        N/A       4%          2
 Gell's Gravitas          Tloc           17%        N/A       10%         3
 Teleport Other           Tloc           17%        N/A       10%         3
 Dispersal                Tloc           8%         N/A       99%         6
 Summon Cactus Giant      Summ           8%         N/A       99%         6


Dungeon Overview and Level Annotations

Branches:
Dungeon (12/15)            Temple (1/1) D:7            Lair (2/5) D:11
 Shoals (0/4) Lair:2          Orc (0/2) D:9           Sewer (visited)
Ossuary (visited)
  Snake: Lair:2-3    Spider: Lair:2-3

Altars:
Ashenzari
Cheibriados
Gozag
Hepliaklqana
Kikubaaqudgha
Makhleb
Nemelex Xobeh
Okawaru
Qazlal
Ru
Sif Muna
Trog
Uskayaw
Vehumet
Wu Jian
Yredelemnul
Zin
The Shining One

Shops:
D:3 (:(   D:4 :   D:6 *   D:7 *   D:11 !

Annotations:
D:12 Urug
Lair:2 Harold


Message History

You kill the wolf!
Vehumet accepts your kill.
You feel your power returning.
You hear a howl!
A wolf comes into view.
You see here 22 gold pieces.
A wolf is nearby!
You feel a surge of power!
You conjure some foxfire!
Your foxfire dissipates!
You feel a surge of power!
You conjure some foxfire!
The foxfire hits the wolf!
The wolf is moderately wounded.
The foxfire hits the wolf.
The wolf is moderately wounded.
Casting: Foxfire (safe; 0% risk of failure)
Confirm with . or Enter, or press ? or * to list all spells.
You feel a surge of power!
Flames lash the wolf.
The wolf is almost dead.
The wolf's fire resistance burns away.
You hear an angry hiss.
The foxfire hits the wolf!
The wolf is burned terribly!
You kill the wolf!
Vehumet accepts your kill.
You feel your power returning.
Your foxfire dissipates!
You see here 22 gold pieces.
You see here a water moccasin corpse.
The komodo dragon attacks as you move away!
The komodo dragon bites you!!
Casting: Scorch (safe; 1% risk of failure)
Confirm with . or Enter, or press ? or * to list all spells.
Aiming: Mephitic Cloud (safe; 1% risk of failure)
Press: ? - help, Shift-Dir - straight line The ball explodes into a vile cloud!
The stinking cloud engulfs the komodo dragon but does no damage.
The komodo dragon is engulfed in noxious fumes.
The komodo dragon appears confused.
The komodo dragon bites you!!
Ouch! That really hurt!
* * * LOW HITPOINT WARNING * * *
The komodo dragon bites itself.
The wolf bites you.
You die...

#.P.## #. .. ###....
#.#..# #. ...##....### #..
.###. .......##.## #.#.
##..##...##.†.#..$##...
#....
#.<...###...†..........
...
#.....#.###.☼§☼#..##.#....
......>H..###...☼§##### ##
#. .......k#.......l§## .
..###.#.#.#.##@..######.#
..P ##.#. # ##h.....>....
.# . # #...##.####.# .
#####...### .###...††.##
...........# .###.#...###
# ##.#.# #.###


You could see a komodo dragon (confused) and a wolf.

Vanquished Creatures
  7 two-headed ogres
  Erica (D:10)
  2 manticores
  5 black mambas (Lair:2)
  A slime creature (D:12)
  3 cane toads
  The ghost of What the Grave Robber, a novice DsNe (D:5)
  Maggie (D:6)
  5 komodo dragons
  A troll (D:10)
  A wind drake (Lair:2)
  5 blink frogs (Lair:2)
  A shadow (D:11)
  22 yaks
  A vampire (D:10)
  2 wraiths
  4 wyverns
  Eustachio (D:4)
  6 vampire mosquitoes (D:10)
  3 basilisks (Lair:1)
  2 acid dragons
  5 water moccasins
  An ice beast (D:6)
  A sky beast (D:8)
  3 orc warriors
  A black bear (D:6)
  2 ogres
  23 wolves (Lair:2)
  3 centaurs
  An elf zombie (Ossuary)
  A phantom (D:6)
  7 kobold brigands
  6 bullfrogs
  3 scorpions
  2 gnoll sergeants
  5 wights (D:8)
  5 howler monkeys
  3 hounds
  Crazy Yiuf (D:7)
  10 orc priests
  A sleepcap (D:7)
  A gnoll bouda (D:3)
  10 orc wizards
  An iguana (D:7)
  5 mummies
  3 hound zombies (Ossuary)
  16 adders
  31 gnolls
  2 river rats (Sewer)
  2 white imps
  2 ufetubi (D:4)
  An adder zombie (Ossuary)
  2 worms (D:2)
  2 dart slugs
  59 orcs
  12 ball pythons
  2 endoplasms
  3 giant cockroaches
  6 goblins
  6 hobgoblins
  12 jackals (D:3)
  3 quokkas
  6 bats (D:1)
  4 frilled lizards
  2 goblin zombies (Ossuary)
  A hobgoblin zombie (Ossuary)
  2 jackal zombies (Ossuary)
  45 kobolds
  A kobold zombie (Ossuary)
  27 rats
  A rat zombie (Ossuary)
429 creatures vanquished.

Vanquished Creatures (collateral kills)
  19 foxfires
19 creatures vanquished.

Vanquished Creatures (others)
  1745 foxfires
  24 fungi
  76 plants
1845 creatures vanquished.

Grand Total: 2293 creatures vanquished

Notes
Turn   | Place    | Note
-------+----------+-------------------------------------------
     0 | D:1      | gorillaNest the Deep Elf Fire Elementalist began the quest
                  | for the Orb.
     0 | D:1      | Reached XP level 1. HP: 10/10 MP: 6/6
   501 | D:1      | Reached XP level 2. HP: 12/15 MP: 1/8
   668 | D:1      | Learned a level 2 spell: Scorch
  2101 | D:2      | Reached XP level 3. HP: 19/19 MP: 2/9
  2371 | D:2      | Found an iron altar of Okawaru.
  2523 | D:2      | Reached skill level 2 in Conjurations
  2905 | D:3      | Found Qoygimnu's Book Emporium.
  2950 | D:3      | Found Geogied's Weapon Shoppe.
  3021 | D:3      | Found Pew Darchumimp's Antique Weapon Boutique.
  3159 | D:3      | Reached XP level 4. HP: 24/24 MP: 4/11
  3346 | D:3      | Reached XP level 5. HP: 28/28 MP: 7/13
  4347 | D:3      | Reached skill level 3 in Conjurations
  4586 | D:3      | Reached XP level 6. HP: 28/32 MP: 7/15
  5251 | D:3      | Upgraded the game from 0.30-a0-862-g1aabd4f9c5 to
                  | 0.30-a0-867-g305f33218d
  5658 | D:3      | Reached skill level 5 in Spellcasting
  6598 | D:4      | Reached skill level 5 in Stealth
  6598 | D:4      | Reached XP level 7. HP: 36/36 MP: 10/16
  6637 | D:4      | Reached skill level 5 in Fire Magic
  6802 | D:4      | Noticed Eustachio
  6803 | D:4      | Reached skill level 4 in Conjurations
  7301 | D:4      | Killed Eustachio
  7406 | D:4      | Found Bofatwaf's Tremendous Tomes.
  7459 | D:4      | Reached skill level 5 in Dodging
  7631 | D:5      | Entered Level 5 of the Dungeon
  7909 | D:5      | Found a runed translucent door.
  7909 | D:5      | Found a hazy altar of Hepliaklqana.
  7917 | D:5      | Noticed What's ghost (novice DsNe)
  7933 | D:5      | Reached skill level 5 in Conjurations
  8221 | D:5      | Found a sand-covered staircase.
  8231 | Ossuary  | Entered an ossuary
  8420 | Ossuary  | Reached XP level 8. HP: 31/41 MP: 5/19
  9212 | D:5      | Reached skill level 6 in Conjurations
 10830 | D:5      | Killed What's ghost
 10831 | D:5      | Reached skill level 7 in Conjurations
 10873 | D:6      | Found Uketa's General Store.
 11058 | D:6      | Reached XP level 9. HP: 45/45 MP: 18/22
 11180 | D:6      | Noticed Maggie
 11190 | D:6      | Killed Maggie
 11230 | D:6      | Found an iron altar of Okawaru.
 11271 | D:6      | Found a glowing drain.
 11281 | Sewer    | Entered a sewer
 11690 | Sewer    | Reached skill level 8 in Conjurations
 13198 | D:7      | Found a staircase to the Ecumenical Temple.
 13205 | Temple   | Entered the Ecumenical Temple
 13212 | Temple   | Became a worshipper of Vehumet
 13244 | D:7      | HP: 2/45 [yak (4)]
 13251 | D:8      | Reached skill level 9 in Conjurations
 13520 | D:7      | Reached XP level 10. HP: 50/50 MP: 20/25
 13612 | D:7      | Found a glowing silver altar of Zin.
 13616 | D:7      | Found Zin's Purification Station.
 13776 | D:7      | Found a runed translucent door.
 13777 | D:7      | Noticed Crazy Yiuf
 13884 | D:7      | Reached * piety under Vehumet
 13884 | D:7      | Offered knowledge of Shock by Vehumet.
 14440 | D:7      | Killed Crazy Yiuf
 14981 | D:8      | Reached skill level 10 in Conjurations
 15849 | D:9      | Found a staircase to the Orcish Mines.
 15860 | D:9      | Noticed a two-headed ogre
 15925 | D:9      | Killed a two-headed ogre
 16176 | D:9      | Noticed a two-headed ogre
 16182 | D:9      | Killed a two-headed ogre
 16183 | D:9      | Reached skill level 10 in Spellcasting
 16428 | D:9      | Reached skill level 11 in Conjurations
 16710 | D:9      | Reached ** piety under Vehumet
 16988 | D:9      | Offered knowledge of Searing Ray by Vehumet.
 17029 | D:9      | Noticed a cyclops
 17140 | D:9      | Noticed a two-headed ogre
 17148 | D:9      | Killed a two-headed ogre
 17954 | D:10     | Entered Level 10 of the Dungeon
 18124 | D:10     | Reached XP level 11. HP: 40/54 MP: 18/27
 18184 | D:10     | Learned a level 4 spell: Flame Wave
 18188 | D:10     | Learned a level 3 spell: Mephitic Cloud
 18190 | D:10     | Found a burning altar of Makhleb.
 18191 | D:10     | Found a hide-covered altar of Uskayaw.
 18192 | D:10     | Found a basalt altar of Yredelemnul.
 18192 | D:10     | Found a glowing golden altar of the Shining One.
 18212 | D:10     | Noticed Erica
 18224 | D:10     | Killed Erica
 18407 | D:10     | Reached skill level 12 in Conjurations
 18592 | D:10     | Noticed a two-headed ogre
 18609 | D:10     | Killed a two-headed ogre
 18609 | D:10     | Offered knowledge of Stone Arrow by Vehumet.
 19544 | D:10     | Found the +1 robe of Vines {NoPotionHeal Regen++++}
 19710 | D:10     | You fall into a shaft and drop 1 floor!
 20046 | D:11     | Noticed a two-headed ogre
 20055 | D:11     | Killed a two-headed ogre
 20056 | D:11     | Reached skill level 10 in Fire Magic
 20120 | D:10     | Noticed a two-headed ogre
 20133 | D:10     | Killed a two-headed ogre
 20920 | D:11     | Reached skill level 13 in Conjurations
 21010 | D:11     | Found a staircase to the Lair.
 21052 | D:11     | Found Faitwaom's Distillery.
 21328 | D:12     | Found an ornate altar of the Wu Jian Council.
 21612 | D:12     | Noticed Urug
 21639 | D:12     | Noticed an orc knight
 21808 | D:12     | Noticed a two-headed ogre
 21811 | D:12     | Killed a two-headed ogre
 22076 | D:12     | Noticed a boulder beetle
 22439 | Lair:1   | Entered Level 1 of the Lair of Beasts
 23938 | Lair:1   | Reached XP level 12. HP: 59/59 MP: 27/30
 24416 | Lair:1   | Reached skill level 14 in Conjurations
 24419 | Lair:1   | Reached *** piety under Vehumet
 25157 | Lair:2   | Found a staircase to the Shoals.
 25249 | Lair:2   | Noticed Harold
 25691 | Lair:2   | Identified the +1 flail of the Harvest {protect, rElec rN+
                  | Str-5}
 25766 | Lair:2   | HP: 1/59 [Harold/+0 halberd (23)]
 26528 | Lair:2   | Offered knowledge of Fulminant Prism by Vehumet.
 27378 | Lair:2   | Reached skill level 15 in Conjurations
 28028 | Lair:2   | Reached **** piety under Vehumet
 28090 | Lair:2   | Offered knowledge of Ignite Poison by Vehumet.
 28137 | Lair:2   | Slain by a wolf

Illustrated notes

Levels and vault maps discovered:
D:1:      heliophobic_arrival_henge, layout_basic, amcnicky_mini_pool_small,
          chequers_mini_garden
D:2:      layout_basic, basic_altar
D:3:      lemuel_castle_with_subvaults [lemuel_castle_interior_carwin_1],
          layout_rooms, serial_shops, nicolae_shop_waterfront,
          nicolae_shop_statue_plus, nicolae_shop_advertising_works
          [nicolae_subvault_shop_adworks]
D:4:      layout_basic, nicolae_shop_i_like_big_books, uniq_eustachio
D:5:      kennysheep_kobold_camp, layout_loops_ring, mainiacjoe_overflow_paths,
          ebering_ghost_sewer_d, gup_ossuary_entry_pyramid
D:6:      layout_basic, mainiacjoe_overflow_brackets, serial_shops,
          nicolae_shop_stone, portal_sewer_entry_d, uniq_maggie
D:7:      layout_basic, zin_purify, temple_green, nrook_campfire,
          uniq_crazy_yiuf_cottage
D:8:      nicolae_hitomezashi [nicolae_hito_row, nicolae_hito_row,
          nicolae_hito_row, nicolae_hito_row, nicolae_hito_row,
          nicolae_hito_row, nicolae_hito_row, nicolae_hito_row,
          nicolae_hito_row, nicolae_hito_row, nicolae_hito_row,
          nicolae_hito_row, nicolae_hito_row, nicolae_hito_row,
          nicolae_hito_row, nicolae_hito_row, nicolae_hito_row,
          nicolae_hito_row], layout_basic, nicolae_figureground_sparkle
D:9:      layout_basic, orc_0_dummy, lightli_minifort
D:10:     layout_roguey, mainiacjoe_overflow_alcove_3, serial_rivers,
          chequers_serial_rivers_marsh, chequers_serial_rivers_micro_d,
          chequers_serial_rivers_marsh, chequers_serial_rivers_micro_e,
          uniq_erica
D:11:     layout_small_grid, lair_entry_dummy, serial_shops,
          nicolae_stop_n_shop_1, nicolae_concentric_dashed_squares_wild
D:12:     layout_roguey [special_room_orc], nzn_wu_jian_contemplation, uniq_urug
Temple:   hellmonk_temple_two_chambers
Lair:1:   layout_cave_pods, st_stairs_3, bh_autumn_forest_stairs
Lair:2:   layout_loops_ring, minmay_shoals_entry_beasts,
          grunt_forest_large_clearings, uniq_harold

Skill      XL: |  1  2  3  4  5  6  7  8  9 10 11 12 |
---------------+-------------------------------------+-----
Stealth        | 3 4 5 |  5.0
Dodging        | 3 4 5 6 8 |  8.0
Conjurations   | 2 3 5 7 9 11 13 15 | 15.4
Spellcasting   | 4 5 6 7 9 10 12 13 | 13.8
Fire Magic     | 4 5 6 7 9 10 11 | 11.9

Action                     |  1- 3 |  4- 6 |  7- 9 | 10-12 || total
---------------------------+-------+-------+-------+-------++-------
  Melee: Unarmed           |       |       |     3 |       ||     3
         Staff             |       |       |       |     5 ||     5
   Cast: Foxfire           |   142 |   182 |   399 |   357 ||  1080
         Scorch            |     4 |    20 |   117 |   256 ||   397
         Mephitic Cloud    |       |       |       |    42 ||    42
         Flame Wave        |       |       |       |    12 ||    12
    Use: Scroll            |       |     2 |    19 |     9 ||    30
         Potion            |       |       |     1 |     2 ||     3
 Armour: Robe              |    13 |    11 |   113 |    22 ||   159
  Dodge: Dodged            |    27 |    24 |   222 |   116 ||   389

Table legend: (Time is in decaauts)
 A = Elapsed time spent in this place.
 B = Non-inter-level travel time spent in this place.
 C = Inter-level travel time spent in this place.
 D = Time resting spent in this place.
 E = Time spent auto-exploring this place.
 F = Levels seen in this place.
 G = Mean time per level.
                   A        B        C        D        E       F      G
               +--------+--------+--------+--------+--------+-----+--------+
         Total |  28217 |  27431 |    786 |  13222 |   9583 |  17 | 1659.8 |
       Dungeon |  21206 |  20638 |    568 |   9093 |   8355 |  12 | 1767.2 |
        Temple |     13 |     13 |      0 |      0 |      0 |   1 |   13.0 |
          Lair |   5703 |   5485 |    218 |   3721 |    940 |   2 | 2851.5 |
         Sewer |    503 |    503 |      0 |    139 |    172 |   1 |  503.0 |
       Ossuary |    791 |    791 |      0 |    269 |    115 |   1 |  791.0 |
               +--------+--------+--------+--------+--------+-----+--------+

Top non-repeatable levels by time:
  Lair:1: 3903 daAuts
     D:3: 3200 daAuts
     D:5: 2592 daAuts
     D:9: 2407 daAuts
    D:10: 2128 daAuts
     D:1: 1924 daAuts
     D:4: 1843 daAuts
  Lair:2: 1800 daAuts
    D:11: 1476 daAuts
     D:8: 1324 daAuts
     D:6: 1312 daAuts
     D:7: 1263 daAuts
     D:2: 980 daAuts
 Ossuary: 791 daAuts
    D:12: 751 daAuts
